 Dungeon Crawl Stone Soup version 0.25.1-9-gc5326a611f (webtiles) character file.

Game seed: 2794920213255461603

86 sankara the Cutter (level 4, -8/31 HPs)
             Began as a Halfling Fighter on Jan 1, 2021.
             Mangled by an ogre
             ... wielding a +0 giant club
              (17 damage)
             ... on level 3 of the Dungeon.
             The game lasted 00:04:07 (1236 turns).

sankara the Cutter (Halfling Fighter)               Turns: 1236, Time: 00:04:08

Health: -8/31      AC:  8    Str: 17    XL:     4   Next: 77%
Magic:  4/4        EV:  9    Int:  7    God:
Gold:   109        SH:  9    Dex: 13    Spells: 3/3 levels left

rFire    . . .     SeeInvis .   a - +0 rapier
rCold    . . .     Gourm    .   c - +0 kite shield
rNeg     . . .     Faith    .   i - +0 scale mail
rPois    .         Spirit   .   (no helmet)
rElec    .         Reflect  .   (no cloak)
rCorr    .         Harm     .   y - +0 pair of gloves
MR       .....                  (no boots)
Stlth    ..........             k - amulet of regeneration
HPRegen  0.50/turn              o - ring of attention (curse)
MPRegen  0.09/turn              (no ring)

@: no status effects
A: small, mutation resistance 1
a: no special abilities


You were on level 3 of the Dungeon.
You were not hungry.

You visited 1 branch of the dungeon, and saw 3 of its levels.

You collected 109 gold pieces.

Inventory:

Hand Weapons
 a - a +0 rapier (weapon)
 b - a +0 hunting sling
 j - a +2 short sword of holy wrath
 l - a +2 whip of draining
Missiles
 g - a throwing net (quivered)
 h - 64 stones
 p - 21 sling bullets
 w - 3 boomerangs
Armour
 c - a +0 kite shield (worn)
 i - a +0 scale mail (worn)
 y - a +0 pair of gloves (worn)
Jewellery
 e - an uncursed ring of positive energy {unknown}
 k - an amulet of regeneration (around neck)
 o - a cursed ring of attention (left hand)
 s - an uncursed amulet of faith {unknown}
Scrolls
 t - a scroll of blinking {unknown}
 u - a scroll of magic mapping {unknown}
 v - a scroll of fog {unknown}
 x - 2 scrolls of identify {unknown}
Potions
 d - a potion of might
 m - a potion of curing {unknown}
 n - a potion of magic {unknown}
 r - a potion of berserk rage {unknown}
 z - a potion of flight {unknown}
Comestibles
 f - 8 rations
 q - 11 chunks of flesh


   Skills:
 + Level 3.0 Fighting
 * Level 4.1 Short Blades
 + Level 3.7 Armour
 * Level 1.1 Dodging
 + Level 3.6 Shields


You had 3 spell levels left.
You didn't know any spells.
Your spell library was empty.

Dungeon Overview and Level Annotations

Branches:
Dungeon (3/15)

Altars:
The Shining One


Innate Abilities, Weirdness & Mutations

You are small and have problems with some larger weapons.
You are somewhat resistant to further mutation.


Message History

An ogre is nearby!
Unknown command.
Things that are here:
a +0 club; a hobgoblin skeleton You hit the ogre but do no damage.
The ogre hits you with a +0 giant club!!
Ouch! That really hurt!
* * * LOW HITPOINT WARNING * * *
You are too injured to fight recklessly!
You are too injured to fight recklessly!
You are too injured to fight recklessly!
Your shield and scale mail prevent you from hitting the ogre.
You hit the ogre.
The ogre is lightly wounded.
You block the ogre's attack.
You hit the ogre.
The ogre is moderately wounded.
The ogre hits you with a +0 giant club!
Ouch! That really hurt!
You die...

#...# #...# #
....#'#####
#.#.###.........#
......>.........#
+#########.##......#
....................
.#########.÷.......#
# ..#@.##.#####
#.#####.#O## .#
#.#..<#.#)# .#
#.#+#'#.#.# #
#.........#
###+#..)......#
.......÷).....#
..............#
........#######


You could see an ogre.

Vanquished Creatures
  An iguana (D:3)
  An orc wizard (D:3)
  A dart slug (D:2)
  A leopard gecko (D:1)
  2 orcs (D:3)
  3 giant cockroaches
  3 goblins
  5 hobgoblins
  4 kobolds
  2 ball pythons (D:3)
  2 bats
  3 frilled lizards
  4 rats
32 creatures vanquished.

Notes
Turn   | Place    | Note
-------+----------+-------------------------------------------
     0 | D:1      | sankara the Halfling Fighter began the quest for the Orb.
     0 | D:1      | Reached XP level 1. HP: 15/15 MP: 1/1
   238 | D:1      | Reached XP level 2. HP: 18/20 MP: 2/2
   620 | D:1      | Found a glowing golden altar of the Shining One.
   954 | D:2      | Reached skill level 3 in Short Blades
   954 | D:2      | Reached XP level 3. HP: 25/25 MP: 3/3
  1170 | D:3      | Reached skill level 1 in Dodging
  1170 | D:3      | Reached XP level 4. HP: 31/31 MP: 4/4
  1179 | D:3      | Reached skill level 4 in Short Blades
  1229 | D:3      | Noticed an ogre
  1236 | D:3      | Mangled by an ogre

Illustrated notes

Levels and vault maps discovered:
D:1:      dpeg_arrival_stone_temple_mockup, layout_rooms, roderic_lattice_a,
          tso_altar
D:2:      layout_rooms, first_ration
D:3:      layout_basic, lemuel_crystal_altar, marbit_many_paths,
          chequers_serial_rivers_marsh, minmay_diced_spiral

Skill      XL: |  1  2  3  4 |
---------------+-------------+-----
Short Blades   | 3 4 |  4.1
Fighting       | 3 |  3.0
Dodging        | 1 |  1.1
Armour         | |  3.7
Shields        | |  3.6

Action                   |  1- 3 |  4- 6 || total
-------------------------+-------+-------++-------
Melee: Rapier            |    81 |    27 ||   108
  Use: Scroll            |     2 |       ||     2
  Eat: Chunk             |     1 |       ||     1
Armor: Scale mail        |    26 |     7 ||    33
Dodge: Dodged            |    39 |     9 ||    48
Block: Kite shield       |    44 |    15 ||    59
